[Event "Late-Titled-Tuesday-Blitz-October-17-2023"]
[Site "Chess.com"]
[Date "2023.10.17"]
[Round "8"]
[White "Zq1"]
[Black "Jarming"]
[Result "1-0"]
[WhiteElo "2571"]
[BlackElo "2783"]
[TimeControl "180+1"]
[EndTime "15:25:11 PDT"]
[Termination "Zq1 won by resignation"]

1. d4 Nf6 2. c4 g6 3. Nc3 d5 4. Nf3 Bg7 5. cxd5 Nxd5 6. Bd2 O-O 7.
Rc1 Nb6 8. Bg5 Bf5 9. e3 N8d7 10.
h3 h6 11. Bf4 c6 12. Be2 Re8 13. e4 Be6 14. d5 cxd5 15. exd5 Bxc3+ 16. bxc3 Bxd5 17. Bxh6 Rc8 18. O-O Nf6 19. a4 Bc4 20. Bxc4 Rxc4 21. a5 Qxd1 22. Rfxd1 Nbd5 23. Rd3 Rec8 24. Bd2 e6 25.
Rb1 R8c7 26. Ne5 Re4 27. Re1 Ra4 28. c4 Ne7 29. Bf4 Nf5 30. Ng4 Nxg4 31. Bxc7 Nf6 32. Be5 Ne8 33. g4 Ne7 34. Rd8 Kf8 35. Rb1 Rxc4 36. Rxb7 Rc8 37. Bd6 Kg8 38. Bxe7 Rc1+ 39.
Kg2 Kg7 40. Rxe8 1-0

[Event "Late-Titled-Tuesday-Blitz-October-17-2023"]
[Site "Chess.com"]
[Date "2023.10.17"]
[Round "8"]
[White "Laico"]
[Black "kai_nov"]
[Result "1-0"]
[WhiteElo "2431"]
[BlackElo "2282"]
[TimeControl "180+1"]
[EndTime "15:25:11 PDT"]
[Termination "Laico won on time"]

1. e4 c5 2. Nc3 Nc6 3. f4 g6 4. Nf3 Bg7 5. Bb5 Nd4 6. O-O Nf6 7. e5 Nh5 8. Bc4 O-O 9. d3 d6 10. exd6 Qxd6 11. Ne4 Qc7 12. Ne5 Be6 13. c3 Bxc4 14.
cxd4 Bd5 15. Nxc5 Nf6 16. Qe2 b6 17. Ne4 Qb7 18. Re1 Rac8 19. Nc3 Be6 20. Be3 Rfd8 21.
Rac1 Bf5 22. Bf2 h5 23. Bh4 b5 24. Ne4 Rxd4 25. Ng5 Rxc1 26. Rxc1 Rxf4 27. Bg3 1-0

[Event "Late-Titled-Tuesday-Blitz-October-17-2023"]
[Site "Chess.com"]
[Date "2023.10.17"]
[Round "8"]
[White "nitpicker"]
[Black "rdarruda"]
[Result "0-1"]
[WhiteElo "2230"]
[BlackElo "2455"]
[TimeControl "180+1"]
[EndTime "15:25:13 PDT"]
[Termination "rdarruda won on time"]

1. d4 Nf6 2. c4 e5 3. dxe5 Ne4 4. Nd2 Nc5 5. b3 Nc6 6. Bb2 Qe7 7. Ngf3 d6 8. e3 dxe5 9. Be2 Bf5 10. O-O O-O-O 11.
a3 f6 12. b4 Ne4 13. Qc1 Nxd2 14. Nxd2 Qf7 15. Nb3 Be7 16. b5 Nb8 17. Qc3 Be6 18.
a4 Nd7 19. Ba3 Bxa3 20. Rxa3 Qe7 21. Ra2 Nc5 22. Qb4 b6 23. a5 Rd7 24. axb6 cxb6 25.
Nxc5 Qxc5 26. Qxc5+ bxc5 27. Rfa1 Rhd8 28. Bf3 Bxc4 29. Rc2 Be6 30. Rxc5+ Rc7 31. Rxc7+ Kxc7 32. Rxa7+ Kb6 33. Rb7+ Kc5 34. h3 Rd7 35. Rxd7 Bxd7 36. Be2 Bxb5 37. Bxb5 Kxb5 38. Kf1 Kc4 39. Ke2 Kc3 40. Kf3 Kd3 41. Kg4 Ke4 42. Kg3 g6 43. Kh2 f5 44. Kg1 Kd3 45. Kf1 Kd2 46. g3 Kd1 47. Kg2 Ke2 48. g4 f4 49. exf4 exf4 50. h4 h6 51. g5 h5 0-1

[Event "Late-Titled-Tuesday-Blitz-October-17-2023"]
[Site "Chess.com"]
[Date "2023.10.17"]
[Round "8"]
[White "Smiechu"]
[Black "DryCounty"]
[Result "0-1"]
[WhiteElo "2516"]
[BlackElo "2669"]
[TimeControl "180+1"]
[EndTime "15:25:16 PDT"]
[Termination "DryCounty won by resignation"]

1. e4 c5 2. Nf3 d6 3. d4 cxd4 4. Nxd4 Nf6 5. Nc3 Nc6 6. Be3 e5 7. Nb3 Be7 8. Qd2 O-O 9. O-O-O a5 10. Bb5 Be6 11. f4 Ng4 12. g3 Nxe3 13. Qxe3 a4 14.
Nxa4 Nb4 15. Kb1 Nxa2 16. Kxa2 Bd7 17. Bxd7 Qxd7 18. Nc5 Qc6 19. Kb1 dxc5 20. Nc3 exf4 21. Nd5 Qxd5 22. exd5 fxe3 23. d6 Bf6 24. Rhe1 Rfd8 25.
Rxe3 Bd4 26. Red3 Kf8 27. c3 Bf6 28. Rd5 b6 29. d7 Ra7 30. Kc2 g6 31. Kd3 Be7 32.
Kc4 Ra5 33. b4 cxb4 34. cxb4 Ra4 35. Rb5 Ra2 36. Rxb6 Rxh2 37. Rc6 Rc2+ 38. Kb5 Rb2 39. Rc4 Rb8+ 40. Kc6 R2xb4 41. d8=Q+ Bxd8 42. Rxd8+ Rxd8 43. Rxb4 Kg7 44. Kc7 Rd3 45. g4 Kf6 46. Kc6 Kg5 47. Rb7 Kxg4 48. Rxf7 h5 49. Kc5 g5 50. Kc4 Rd8 0-1

[Event "Late-Titled-Tuesday-Blitz-October-17-2023"]
[Site "Chess.com"]
[Date "2023.10.17"]
[Round "8"]
[White "LaPiToB"]
[Black "familijatop71"]
[Result "0-1"]
[WhiteElo "2289"]
[BlackElo "2140"]
[TimeControl "180+1"]
[EndTime "15:25:16 PDT"]
[Termination "familijatop71 won by resignation"]

1. c4 Nf6 2. Nc3 g6 3. g3 Bg7 4. Bg2 O-O 5. e4 d6 6. Nge2 c5 7. O-O Nc6 8. d3 Rb8 9. a4 a6 10. h3 h6 11. Be3 Kh7 12. f4 e5 13. f5 g5 14. g4 Nd4 15. Ng3 Bd7 16. Rb1 b5 17.
axb5 axb5 18. cxb5 Nxb5 19. Nxb5 Rxb5 20. Qd2 Qb6 21. Rf2 Ra8 22. Nh5 Nxh5 23. gxh5 f6 24. h4 Qd8 25. hxg5 hxg5 26. Rbf1 Bh6 27. Qc2 Qg8 28.
Bc1 Be8 29. Bf3 Bf7 30. Rh2 Rab8 31. Qa4 g4 32. Bd1 Bxc1 33. Rg2 Be3+ 34. Kh1 g3 35. Rf3 Bf4 36. Qa7 R8b7 37. Qa6 Qg4 38. Rf1 Qh3+ 39. Kg1 Be3+ 40. Rff2 gxf2+ 41. Kf1 Qh1+ 42. Ke2 f1=Q+ 43. Kxe3 Qhxg2 0-1

[Event "Late-Titled-Tuesday-Blitz-October-17-2023"]
[Site "Chess.com"]
[Date "2023.10.17"]
[Round "8"]
[White "Beca95"]
[Black "FabianoCaruana"]
[Result "0-1"]
[WhiteElo "2934"]
[BlackElo "3116"]
[TimeControl "180+1"]
[EndTime "15:25:18 PDT"]
[Termination "FabianoCaruana won by resignation"]

1. d4 Nf6 2. c4 e6 3. Nc3 Bb4 4.
Qc2 d5 5. a3 Bxc3+ 6. Qxc3 O-O 7. Nf3 Nbd7 8. Bg5 h6 9. Bh4 b6 10. cxd5 exd5 11. e3 c5 12. Bb5 g5 13. Bg3 Ne4 14. Qc2 Bb7 15. Ne5 Nxe5 16. Bxe5 Rc8 17. dxc5 bxc5 18. Bd3 Re8 19. Bxe4 Rxe5 20. Bf3 Ba6 21.
O-O-O d4 22. h4 Qf6 23. hxg5 Rxg5 24. Kb1 d3 25. Qc3 Qxc3 26. bxc3 Rb8+ 27. Ka1 Rb3 28. Rxh6 Bc4 29. Rh4 Rxa3+ 30. Kb1 Rb3+ 31. Ka1 Rg6 32. Rg4 Rxg4 33. Bxg4 Rxc3 34. Rd2 a5 35. Bd1 Ra3+ 36. Kb1 a4 37. e4 Bb3 38. Rxd3 Ba2+ 39. Kc2 Bb1+ 40. Kxb1 Rxd3 41. Bxa4 Rd2 42. f4 Rxg2 43.
Bc2 Rf2 44. f5 f6 45. Kb2 Kg7 46. Kc3 Kh6 47. Ba4 Kg5 48. Kc4 Kf4 49. Kd5 c4 50. e5 fxe5 51. f6 e4 52. f7 Ke3 53. Ke6 c3 54. Ke7 Kd2 0-1

[Event "Late-Titled-Tuesday-Blitz-October-17-2023"]
[Site "Chess.com"]
[Date "2023.10.17"]
[Round "8"]
[White "venturov"]
[Black "elprimo2012mortis"]
[Result "1-0"]
[WhiteElo "2489"]
[BlackElo "2689"]
[TimeControl "180+1"]
[EndTime "15:25:18 PDT"]
[Termination "venturov won by checkmate"]

1. e4 c6 2. d4 d5 3. Nc3 dxe4 4.
Nxe4 Nf6 5. Ng3 h5 6. Bc4 h4 7.
N3e2 c5 8. Be3 cxd4 9. Nxd4 e6 10. Qe2 a6 11. O-O-O Qc7 12. Ngf3 Bd7 13. g3 h3 14. Bf4 Qa5 15. Ne5 Bc8 16. Nxf7 Kxf7 17. Nxe6 Kg6 18. Bd3+ Kf7 19. Ng5+ Qxg5 20. Bxg5 Nc6 21. Bc4+ Kg6 22. Bxf6 gxf6 23. Qe8+ Kh7 24. Bd3+ f5 25. Qf7+ Bg7 26. Bxf5+ Bxf5 27. Qxf5+ Kg8 28. Qe6+ Kh7 29. Rd7 Rhf8 30. Qxh3+ Kg8 31. Qg4 Rf7 32. Rxf7 Kxf7 33. Qd7+ Kg8 34. Qxb7 Bxb2+ 35. Kxb2 Rb8 36. Qxb8+ Nxb8 37.
Rd1 Nc6 38. Rd6 Ne7 39. Rxa6 Nf5 40. a4 Nd4 41. Ra8+ Kg7 42. a5 Nb5 43. a6 Nd6 44. a7 Nf7 45. Rb8 Kg6 46. a8=Q Kg7 47. Rb7 Kg6 48.
Rxf7 Kg5 49. Qd5+ Kg4 50. Qe4+ Kh3 51. Rh7# 1-0

[Event "Late-Titled-Tuesday-Blitz-October-17-2023"]
[Site "Chess.com"]
[Date "2023.10.17"]
[Round "8"]
[White "balachess2006"]
[Black "Eloist"]
[Result "0-1"]
[WhiteElo "2584"]
[BlackElo "2462"]
[TimeControl "180+1"]
[EndTime "15:25:18 PDT"]
[Termination "Eloist won by resignation"]

1. Nf3 Nf6 2. c4 b6 3. d4 Bb7 4. d5 e6 5. Nc3 Bb4 6. Bg5 h6 7.
Bh4 c6 8. dxe6 dxe6 9. Qxd8+ Kxd8 10. O-O-O+ Kc8 11. Ne5 Rf8 12. f3 Nbd7 13. Nxd7 Nxd7 14. Ne4 Ne5 15. e3 f6 16. Bg3 Rd8 17. Rxd8+ Kxd8 18. Bxe5 fxe5 19. Kc2 Kc7 20. Bd3 Rd8 21. a3 Be7 22. Nc3 a6 23. Rd1 c5 24. Be4 Rxd1 25. Kxd1 Bc8 26. Kc2 Bd7 27. a4 g5 28. b3 Be8 29. g4 h5 30. gxh5 Bxh5 31. h3 Bf7 32.
Nd1 Bh5 33. Nf2 Bf6 34. Kd3 Be7 35. Ke2 Bf6 36. Nd3 Bf7 37. Nf2 Bh5 38. Bd3 Be7 39. Bh7 Bf7 40. Ne4 Bh5 41. Nf2 Bf7 42. Ng4 Kd6 43.
Be4 Be8 44. Bb7 b5 45. cxb5 axb5 46. a5 Kc7 47. a6 Kb6 48. Nxe5 b4 49. Nc4+ Ka7 50.
Bc8 Bb5 51. Bd7 Bxd7 52. f4 gxf4 53. exf4 Bb5 54. Kd3 Bxc4+ 55. Kxc4 Kxa6 56. h4 Kb6 57. h5 Kc6 58. h6 Bf6 59. h7 Bh8 60. Kd3 Kd5 61.
Ke3 c4 62. bxc4+ Kxc4 63. Ke4 b3 64. f5 exf5+ 65. Kxf5 0-1

[Event "Late-Titled-Tuesday-Blitz-October-17-2023"]
[Site "Chess.com"]
[Date "2023.10.17"]
[Round "8"]
[White "alexrustemov"]
[Black "Joshukid"]
[Result "1/2-1/2"]
[WhiteElo "2822"]
[BlackElo "2584"]
[TimeControl "180+1"]
[EndTime "15:25:19 PDT"]
[Termination "Game drawn by repetition"]

1. d4 d5 2. c4 e6 3. Nc3 a6 4. cxd5 exd5 5. Nf3 Nf6 6. Bg5 Be6 7. e3 Nbd7 8. Qc2 Bd6 9. Bd3 h6 10. Bf4 Qe7 11.
Bxd6 Qxd6 12. h3 O-O 13. O-O Rfc8 14. Rfc1 c5 15. dxc5 Nxc5 16. Nd4 b5 17. a3 Nfd7 18. Be2 Ne5 19. b3 Nc6 20. Nxc6 Rxc6 21. b4 Ne4 22.
Nxe4 Rxc2 23. Nxd6 Rxe2 24. Nb7 Rd2 25. Rd1 Rc2 26.
Rdc1 Rd2 27. Na5 d4 28. exd4 Rxd4 29. Rc2 Rad8 30. Nb7 Rd1+ 31. Rxd1 Rxd1+ 32. Kh2 Rd3 33. Rc6 Rxa3 34. Nc5 a5 35. bxa5 Rxa5 36. Nxe6 fxe6 37. Rxe6 Ra2 38. Kg3 Kf7 39. Rb6 Rb2 40. h4 h5 41.
f3 b4 42. Rb5 g6 43. Rb6 b3 44.
Kh3 Kg7 45. Kh2 Kf7 46. Kg3 Kg7 47. Kf4 Rxg2 48. Rxb3 Rh2 49. Kg3 Rh1 50. Rb4 Kf6 51.
Kg2 Re1 52. Kg3 Kf5 53. Rb5+ Re5 54. Rb4 Kf6 55. Kf4 Rf5+ 56. Ke4 Re5+ 57. Kf4 Rf5+ 58. Ke4 Re5+ 59. Kf4 1/2-1/2

[Event "Late-Titled-Tuesday-Blitz-October-17-2023"]
[Site "Chess.com"]
[Date "2023.10.17"]
[Round "8"]
[White "marik_spb"]
[Black "talaicito"]
[Result "1-0"]
[WhiteElo "2422"]
[BlackElo "2235"]
[TimeControl "180+1"]
[EndTime "15:25:20 PDT"]
[Termination "marik_spb won on time"]

1. d4 e6 2. c4 f5 3. Nc3 Nf6 4. g3 Bb4 5. Bg2 O-O 6. Nf3 d6 7. O-O Bxc3 8. bxc3 Nc6 9. Qc2 e5 10. h4 h6 11. Rb1 Qe8 12. Re1 Ng4 13. Nh2 f4 14.
Bd5+ Kh8 15. Nxg4 Bxg4 16. Rxb7 fxg3 17. fxg3 exd4 18. Qe4 Qxe4 19. Bxe4 Na5 20. Rxc7 Rfc8 21. Rxc8+ Rxc8 22. cxd4 Nxc4 23. Bf4 Re8 24. Bd3 d5 25. Kf2 Rf8 26. Bxc4 dxc4 27. Ke3 Re8+ 28. Kd2 Bf5 29. Kc3 Bg4 30. e4 Bf3 31. d5 Bxe4 32. d6 1-0

[Event "Late-Titled-Tuesday-Blitz-October-17-2023"]
[Site "Chess.com"]
[Date "2023.10.17"]
[Round "8"]
[White "campochess"]
[Black "jamengrand"]
[Result "1-0"]
[WhiteElo "2200"]
[BlackElo "2318"]
[TimeControl "180+1"]
[EndTime "15:25:20 PDT"]
[Termination "campochess won by resignation"]

1. e4 c5 2. Nc3 Nc6 3. g3 g6 4. Bg2 Bg7 5. Nge2 e6 6. d3 Nge7 7. O-O O-O 8. Bg5 d6 9. Qd2 Re8 10. a3 Rb8 11. Rab1 b5 12. b4 a5 13. bxc5 dxc5 14.
Rxb5 Rxb5 15. Nxb5 Ba6 16. a4 Nd4 17. Bxe7 Rxe7 18.
Nexd4 cxd4 19. Rb1 Rb7 20. e5 Rb6 21. Qf4 Bxb5 22. axb5 a4 23. Rb4 a3 24. Bc6 a2 25.
Ra4 Rxc6 26. bxc6 Qb6 27. c7 Qxc7 28. Rxa2 Bxe5 29. Qe4 Kg7 30. Kg2 h5 31. h4 f5 32.
Qa8 Qb8 33. Ra7+ Kf6 34. Qxb8 Bxb8 35. Rb7 Bd6 36. Kf3 e5 37. Rb6 Ke6 38. Ra6 Kd5 39. Ke2 e4 40. Ra5+ Ke6 41. Ra8 e3 42.
Rc8 exf2 43. Kxf2 f4 44. gxf4 Bxf4 45. Kf3 Bd6 46. c4 dxc3 47. Rxc3 Be7 48. Rc4 g5 49. hxg5 Bxg5 50. Ke4 h4 51. Rc6+ Kd7 52. Rg6 Be7 53.
Rh6 Kc7 54. Kd5 Kd7 55. Rh7 Kc8 56. Kc6 Kd8 57. Rh8+ 1-0

[Event "Late-Titled-Tuesday-Blitz-October-17-2023"]
[Site "Chess.com"]
[Date "2023.10.17"]
[Round "8"]
[White "Msb2"]
[Black "Bauman_Guy"]
[Result "1/2-1/2"]
[WhiteElo "3073"]
[BlackElo "2890"]
[TimeControl "180+1"]
[EndTime "15:25:21 PDT"]
[Termination "Game drawn by repetition"]

1. d4 Nf6 2. c4 e6 3. Nc3 Bb4 4. e3 O-O 5. Bd2 b6 6. Nf3 Bb7 7. Bd3 d6 8. O-O Nbd7 9. a3 Bxc3 10. Bxc3 Ne4 11. Be1 f5 12. Kh1 a5 13. Ng1 g6 14. f3 Nef6 15. Nh3 e5 16. d5 Qe7 17. b3 e4 18. fxe4 Nxe4 19. Nf4 Ndc5 20. Bc2 g5 21. Ne2 Bc8 22. Nd4 Bd7 23. b4 Na6 24. bxa5 bxa5 25. Bxa5 Rae8 26. Qh5 Qg7 27. Rae1 f4 28. Ne6 Bxe6 29. dxe6 Rxe6 30. exf4 Ng3+ 31. hxg3 Rh6 32. Qxh6 Qxh6+ 33. Kg1 gxf4 34. Bd2 Nc5 35. Bxf4 Qg7 36. Kh2 h5 37. Rf3 Nd7 38. a4 Nf6 39. c5 Ng4+ 40. Kh1 d5 41. c6 Qb2 42. Bg6 Qg7 43. Bd3 Qd4 44. Bg6 Nf2+ 45. Kh2 Ng4+ 46. Kh1 Nf2+ 47. Kh2 Ng4+ 48. Kh1 1/2-1/2

[Event "Late-Titled-Tuesday-Blitz-October-17-2023"]
[Site "Chess.com"]
[Date "2023.10.17"]
[Round "8"]
[White "Goryachkina"]
[Black "ural58"]
[Result "1/2-1/2"]
[WhiteElo "2645"]
[BlackElo "2514"]
[TimeControl "180+1"]
[EndTime "15:25:21 PDT"]
[Termination "Game drawn by repetition"]

1. e4 d5 2. exd5 Qxd5 3. Nc3 Qd6 4. d4 c6 5. Nf3 Bf5 6. Bc4 e6 7. O-O Nf6 8. Ne5 Nbd7 9. Bf4 Nxe5 10. Bxe5 Qd8 11.
Re1 Be7 12. Bb3 O-O 13. h3 Bg6 14. Qf3 a5 15. a4 Qd7 16. Qg3 Rfd8 17. Re2 b5 18.
Rae1 b4 19. Nd1 Bd6 20. Ne3 Bxe5 21. dxe5 Nd5 22. Nc4 Qa7 23. Nd6 Rd7 24. Kh2 Rad8 25. f4 Qc5 26. Rd2 Rxd6 27. exd6 Qxd6 28. Red1 h5 29. c4 bxc3 30. bxc3 Rb8 31. c4 h4 32.
Qxh4 Rxb3 33. cxd5 cxd5 34. Rc1 Rb8 35. Rb2 Rf8 36.
Rb7 d4 37. Rbc7 d3 38. Rc8 f6 39. Rxf8+ Qxf8 40. Qg3 Bf5 41. Qe3 Qb4 42. Rc8+ Kh7 43.
Rd8 Qxa4 44. Qg3 Qe4 45. Qh4+ Kg6 46. Qg3+ Kh7 47. Qh4+ Kg6 48. Qg3+ Kh7 1/2-1/2

[Event "Late-Titled-Tuesday-Blitz-October-17-2023"]
[Site "Chess.com"]
[Date "2023.10.17"]
[Round "8"]
[White "dosto07"]
[Black "micke12a"]
[Result "1-0"]
[WhiteElo "2513"]
[BlackElo "2378"]
[TimeControl "180+1"]
[EndTime "15:25:21 PDT"]
[Termination "dosto07 won on time"]

1. e4 c5 2. Nf3 e6 3. c3 Nc6 4. d4 cxd4 5. cxd4 d5 6. e5 Bb4+ 7. Nc3 Nge7 8. Bd3 h6 9. O-O g5 10. h3 Kf8 11. Be3 Nf5 12. Qb3 Bd7 13. Bxf5 exf5 14. Qxd5 Be6 15. Qxd8+ Rxd8 16. Rfd1 f4 17. d5 Bxc3 18. dxc6 Rxd1+ 19. Rxd1 bxc6 20. Bc5+ Kg7 21. bxc3 Bxa2 22. Ra1 Bd5 23. Rxa7 Rb8 24. Bb4 Kg6 25. Nd4 h5 26. Ra6 Rc8 27. f3 g4 28. hxg4 hxg4 29.
fxg4 Kg5 30. Kf2 c5 31. Ra5 cxb4 32. Rxd5 bxc3 33. e6+ Kxg4 34. e7 c2 35. Ne2 Re8 36. Re5 f6 37. Re4 Kg5 38. Kf3 f5 39. Re5 Kf6 40. Rc5 Rxe7 41. Nxf4 1-0

[Event "Late-Titled-Tuesday-Blitz-October-17-2023"]
[Site "Chess.com"]
[Date "2023.10.17"]
[Round "8"]
[White "CraiggoryC"]
[Black "KorolDimitriy75"]
[Result "1-0"]
[WhiteElo "2220"]
[BlackElo "2323"]
[TimeControl "180+1"]
[EndTime "15:25:22 PDT"]
[Termination "CraiggoryC won on time"]

1. e4 c5 2. Nf3 d6 3. d4 cxd4 4.
Nxd4 Nf6 5. Nc3 g6 6. Be3 Bg7 7. f3 O-O 8. Qd2 Nc6 9. Bc4 Bd7 10. O-O-O Qa5 11. Bb3 Rfc8 12. Kb1 Ne5 13. h4 b5 14. Ncxb5 Qxd2 15. Bxd2 Rab8 16. a4 a6 17. Na3 Be8 18. Rhe1 Nfd7 19. f4 Ng4 20. Nf3 Nc5 21. e5 dxe5 22.
Nxe5 Nxe5 23. fxe5 Nxb3 24. cxb3 Rxb3 25. Rc1 Rcb8 26.
Nc4 Bxa4 27. Bc3 Bd7 28. Ka2 Be6 29. Re4 Bd5 30. Rd4 e6 31. Ka1 Bxg2 32. Rd7 Bd5 33. Nd6 Rf8 34. Rf1 a5 35. Rfxf7 Rxf7 36. Rxf7 Bf8 37.
Rd7 a4 38. Ne8 1-0

[Event "Late-Titled-Tuesday-Blitz-October-17-2023"]
[Site "Chess.com"]
[Date "2023.10.17"]
[Round "8"]
[White "dianamirza"]
[Black "kinghunter183"]
[Result "1-0"]
[WhiteElo "1990"]
[BlackElo "2093"]
[TimeControl "180+1"]
[EndTime "15:25:23 PDT"]
[Termination "dianamirza won on time"]

1. e4 d5 2. exd5 Qxd5 3. Nc3 Qd8 4. d4 Nf6 5. Nf3 Bg4 6. Be2 e6 7. h3 Bh5 8. g4 Bg6 9. Ne5 c6 10. Bf4 Nbd7 11. Qd2 Nd5 12. Nxd5 cxd5 13. O-O Be7 14. c4 Nf6 15. cxd5 Nxd5 16. Bb5+ Kf8 17. Bg3 a6 18. Ba4 Bg5 19. f4 Bh4 20. Kh2 Bxg3+ 21. Kxg3 Nf6 22. Qb4+ Qe7 23. Qb6 Ne4+ 24. Kh2 Qh4 25. Rf3 Nd2 26. Qd6+ Kg8 27. Raf1 Nxf1+ 28. Rxf1 h5 29. Nxg6 fxg6 30. Qxe6+ Kh7 31. g5 Rac8 32. f5 Rhf8 33. Qxg6+ Kh8 34. f6 gxf6 35. Qh6+ Kg8 36. g6 Rc7 37. Bb3+ 1-0

[Event "Late-Titled-Tuesday-Blitz-October-17-2023"]
[Site "Chess.com"]
[Date "2023.10.17"]
[Round "8"]
[White "Mikasinski"]
[Black "Perecke"]
[Result "1-0"]
[WhiteElo "2686"]
[BlackElo "2523"]
[TimeControl "180+1"]
[EndTime "15:25:24 PDT"]
[Termination "Mikasinski won by resignation"]

1. e4 c5 2. Nf3 e6 3. d4 cxd4 4. Nxd4 Nc6 5. Nc3 Qc7 6. Be2 a6 7. O-O b5 8. Nxc6 Qxc6 9. e5 Bb7 10. Bf3 Qc7 11. Bf4 Ne7 12. Ne4 Ng6 13. Nd6+ Bxd6 14. exd6 Bxf3 15. Qxf3 Qc6 16. Qxc6 dxc6 17. Be3 Kd7 18.
Rad1 c5 19. Bxc5 Rhc8 20. b4 a5 21. a3 axb4 22. axb4 Ra2 23. Ra1 Rca8 24. Rxa2 Rxa2 25. g3 Ne5 26. Kg2 Kc6 27. Bd4 Nc4 28. c3 Kxd6 29. Rd1 e5 30. Bc5+ Kc7 31. Rd5 Rd2 32.
Bd6+ Kc6 33. Rxd2 Nxd2 34. Bxe5 g6 35. Bd4 Kd5 36. Bg7 Kc4 37. Kh3 Ne4 38. Kg4 Nxc3 39.
Kg5 Kxb4 40. Kh6 Kc4 41. Bf8 b4 42. Bxb4 Kxb4 43. Kxh7 Ne4 44. Kg7 g5 45. f3 Nd2 46.
f4 gxf4 47. gxf4 Kc5 48. h4 Kd5 49. h5 Nf3 50. h6 Nd4 51. h7 Ne6+ 1-0

[Event "Late-Titled-Tuesday-Blitz-October-17-2023"]
[Site "Chess.com"]
[Date "2023.10.17"]
[Round "8"]
[White "ChessSwole"]
[Black "SEBAZZANO"]
[Result "1-0"]
[WhiteElo "2735"]
[BlackElo "2267"]
[TimeControl "180+1"]
[EndTime "15:25:30 PDT"]
[Termination "ChessSwole won on time"]

1. Nf3 Nf6 2. c4 g6 3. Nc3 c5 4. d4 cxd4 5. Nxd4 Bg7 6. e4 d6 7. Be2 O-O 8. O-O Nc6 9. Be3 Bd7 10. h3 a6 11. Qc2 Rb8 12. Rfd1 Nxd4 13. Bxd4 b5 14.
cxb5 axb5 15. b4 Ne8 16. Bxg7 Nxg7 17. Nd5 Be6 18. Rac1 Bxd5 19. exd5 Nf5 20. Qc6 Ra8 21. Rd2 e6 22. dxe6 fxe6 23. Bxb5 Qg5 24. Rcd1 Rac8 25.
Qe4 e5 26. Qg4 Qxg4 27. hxg4 Nd4 28. Bd3 Rb8 29. Rb2 Rb6 30. Bc4+ Kg7 31. a4 Rc8 32.
Bd5 Rcb8 33. b5 Kf6 34. f3 Kg5 35. Kf2 h5 36. gxh5 gxh5 37. Bc4 h4 38. a5 Rxb5 39. Bxb5 Rxb5 40. Rxb5 Nxb5 41. a6 1-0

[Event "Late-Titled-Tuesday-Blitz-October-17-2023"]
[Site "Chess.com"]
[Date "2023.10.17"]
[Round "8"]
[White "eljanov"]
[Black "Zhigalko_Sergei"]
[Result "1/2-1/2"]
[WhiteElo "2850"]
[BlackElo "2951"]
[TimeControl "180+1"]
[EndTime "15:25:32 PDT"]
[Termination "Game drawn by repetition"]

1. Nf3 d5 2. g3 c6 3. Bg2 Bg4 4. O-O e6 5. h3 Bh5 6. d3 Bd6 7.
c4 Nf6 8. Nc3 O-O 9. Qb3 Qb6 10.
Be3 Qa6 11. cxd5 exd5 12. Bd4 Nbd7 13. e4 Bxf3 14. Bxf3 Qxd3 15. Qd1 Qxd1 16. Raxd1 dxe4 17. Nxe4 Be7 18. Rfe1 Rfd8 19. b3 Nxe4 20. Rxe4 Bf6 21. Bxa7 Rxa7 22. Rxd7 Kf8 23. Rxd8+ Bxd8 24. a4 Be7 25.
Rd4 Ke8 26. Bg4 g6 27. Bd7+ Kf8 28. Bc8 b5 29. Bd7 Bc5 30. Rd2 bxa4 31. bxa4 Rxa4 32. Bxc6 Ra3 33. Kg2 Ra7 34. Bf3 Kg7 35. h4 h5 36.
Re2 Be7 37. Rd2 Bf6 38. Re2 Re7 39. Rxe7 Bxe7 40. Bd5 Bf6 41. Bc4 Bd4 42. Bd5 Bc5 43. Bc4 Bb6 44. Bd5 Bc5 45. Bc4 Bb6 46. Bd5 Bc5 1/2-1/2

[Event "Late-Titled-Tuesday-Blitz-October-17-2023"]
[Site "Chess.com"]
[Date "2023.10.17"]
[Round "8"]
[White "German_Bazeev"]
[Black "Nf3c5"]
[Result "1-0"]
[WhiteElo "2796"]
[BlackElo "2612"]
[TimeControl "180+1"]
[EndTime "15:25:32 PDT"]
[Termination "German_Bazeev won on time"]

1. d4 Nf6 2. Nf3 e6 3. c4 c5 4. d5 exd5 5. cxd5 d6 6. Nc3 g6 7. h3 Bg7 8. e4 O-O 9. Bd3 Re8 10.
O-O Nh5 11. Re1 b6 12. a4 Ba6 13. Nb5 Bxb5 14. Bxb5 Nd7 15. Qc2 a6 16. Bc6 Rb8 17. g4 Nhf6 18. Bf4 Qc7 19. Bg3 Re7 20. Ra3 h5 21. g5 Ne8 22. Rae3 b5 23. axb5 axb5 24.
Nd2 c4 25. b3 c3 26. Rxc3 Bxc3 27. Qxc3 Ne5 28. Nf3 Nxc6 29. dxc6 Rc8 30. Nd4 Qb6 31.
b4 d5 32. e5 Nc7 33. e6 Rce8 34. exf7+ Kxf7 35. Qf3+ Kg7 36. Qf6+ Kg8 37. Rxe7 Rxe7 38. Qxe7 Qxd4 39. Be5 Qd1+ 40. Kh2 1-0

[Event "Late-Titled-Tuesday-Blitz-October-17-2023"]
[Site "Chess.com"]
[Date "2023.10.17"]
[Round "8"]
[White "miraitrunks"]
[Black "PawnEatingZombie"]
[Result "1-0"]
[WhiteElo "2209"]
[BlackElo "2272"]
[TimeControl "180+1"]
[EndTime "15:25:32 PDT"]
[Termination "miraitrunks won on time"]

1. e4 e6 2. Nc3 d5 3. Nf3 Nf6 4. e5 Nfd7 5. d4 c5 6. dxc5 Nc6 7. Bf4 Bxc5 8. Bd3 a6 9. O-O h6 10. h4 O-O 11. Qd2 Re8 12. Rfe1 Bf8 13. Rad1 b5 14. Ne2 b4 15. Ng3 a5 16. Bb5 Bb7 17. Nd4 Nxd4 18. Qxd4 Qc7 19. Ne4 dxe4 20. Qxd7 Rec8 21. Rd2 Bd5 22.
Re3 Qxd7 23. Bxd7 Rc7 24. Ba4 Rac8 25. g4 Bc5 26. Ree2 Bb6 27. Bb3 Rd7 28. Rxe4 Rcd8 29. Bxd5 Rxd5 30. Ree2 Rxd2 31. Rxd2 Rxd2 32. Bxd2 Kf8 33.
Kg2 Ke7 34. f4 Kd7 35. Kf3 Kc6 36. Ke4 Kb5 37. b3 a4 38. h5 axb3 39. axb3 Bf2 40.
c4+ bxc3 41. Bxc3 Bg1 42. f5 Bf2 43. Bd2 Bg1 44. f6 gxf6 45. exf6 1-0

[Event "Late-Titled-Tuesday-Blitz-October-17-2023"]
[Site "Chess.com"]
[Date "2023.10.17"]
[Round "8"]
[White "Kostukov_Alex"]
[Black "HajiyevKanan"]
[Result "0-1"]
[WhiteElo "2408"]
[BlackElo "2543"]
[TimeControl "180+1"]
[EndTime "15:25:33 PDT"]
[Termination "HajiyevKanan won on time"]

1. g3 c6 2. Bg2 d5 3. d3 Nf6 4.
e4 dxe4 5. dxe4 Qxd1+ 6. Kxd1 Bg4+ 7. f3 Bh5 8. Be3 e5 9. Nd2 Nbd7 10. Ke2 Bc5 11. a4 O-O-O 12. Nc4 Rhe8 13. Nh3 h6 14. Rhd1 Kc7 15. Nf2 Bxe3 16. Kxe3 Nb6 17. Rxd8 Nxc4+ 18. Kd3 Nxb2+ 19. Kc3 Rxd8 20. Kxb2 Rd2 21. Rf1 Nd7 22. Kc3 Rd4 23. Ra1 a5 24. Nd3 f6 25. f4 Bg6 26.
fxe5 fxe5 27. Nxe5 Rd6 28. Nc4 Re6 29. Re1 b6 30. e5 Nc5 31. Bh3 Re7 32. Kd4 Nxa4 33.
e6 Bxc2 34. Ke5 Bb3 35. Nd2 Nc5 36. Nxb3 Nd3+ 37. Kf5 Nxe1 38. Bf1 a4 39. Nd4 a3 40. Ke5 a2 41. Nb3 Nf3+ 0-1

[Event "Late-Titled-Tuesday-Blitz-October-17-2023"]
[Site "Chess.com"]
[Date "2023.10.17"]
[Round "8"]
[White "Cristi_Coca"]
[Black "luizzy"]
[Result "0-1"]
[WhiteElo "2376"]
[BlackElo "2572"]
[TimeControl "180+1"]
[EndTime "15:25:36 PDT"]
[Termination "luizzy won on time"]

1. e4 c5 2. c3 g6 3. d4 cxd4 4. cxd4 Bg7 5. Nf3 d5 6. e5 a6 7.
h3 Nc6 8. Nc3 f6 9. Bf4 fxe5 10.
Nxe5 Nxe5 11. dxe5 d4 12. Qa4+ b5 13. Bxb5+ axb5 14. Qxa8 dxc3 15. Rd1 Qc7 16. e6 Qc4 17. b3 Qxe6+ 18.
Be3 Nf6 19. O-O O-O 20. Rfe1 Qf7 21. Qc6 b4 22. Bc5 c2 23. Rc1 Bd7 24. Qf3 Bf5 25. g4 Rc8 26. Bxe7 Be4 27. Rxe4 Nxe4 28. Qxe4 Re8 29.
Qxb4 Qd5 30. Bg5 Qd1+ 31. Kg2 Qd5+ 32. Kg1 Qd1+ 33. Kg2 Qd5+ 34. f3 Qxg5 35. Rxc2 h6 36. Qc4+ Kh7 37. Re2 Rd8 38. a4 h5 0-1